Map: Dusk Towers

Players

Nerchio - Winner!

  • Race: Zerg Zerg
  • League: Grandmaster

MarineLorD

  • Race: Terran Terran
  • League: Grandmaster

Event: 2016 WCS Winter Challenger Europe

VOD

Have the link to the VOD?

Description

Time

  • Played on: Feb. 14, 2016, 2:02 p.m.
  • Length: 5:28

All games in this series

Show
View Real Time Build Order
Export as new Build Order

Nerchio Zerg - Winner!

Build Orders: Hatch First, Zergling Baneling 

Get SALT Encoding   

  12  0:00  Drone  
  13  0:12  Overlord  
  13  0:17  Drone  
  14  0:30  Drone x2  
  14  0:35  Drone  
  17  0:52  Hatchery  
  17  0:55  Drone  
  17  0:59  Drone  
  17  1:03  Extractor  
  17  1:16  Spawning Pool  
  16  1:20  Drone  
  16  1:21  Drone  
  18  1:28  Drone  
  19  1:38  Overlord  
  19  2:03  Queen  
  19  2:04  Queen  
  19  2:06  Zergling x2  
  19  2:08  Zergling x4  
  26  2:20  Metabolic Boost  
  26  2:21  Zergling x2  
  26  2:22  Zergling x2  
  27  2:29  Zergling x2  
  27  2:32  Zergling x2  
  26  2:38  Zergling x2  
  26  2:42  Zergling x2  
  27  2:47  Zergling x2  
  27  2:48  Zergling x2  
  28  2:57  Zergling x2  
  27  3:08  Drone x2  
  27  3:09  Drone  
  26  3:15  Drone  
  27  3:20  Drone  
  27  3:29  Baneling Nest  
  27  3:33  Zergling x2  
  27  3:38  Zergling x2  
  28  3:42  Zergling x2  
  29  3:54  Zergling x4  
  31  3:56  Zergling x2  
  32  4:03  Zergling x2  
  32  4:05  Zergling x2  
  34  4:13  Overlord  
  34  4:23  Baneling x4  
  34  4:25  Baneling  
  34  4:31  Baneling  
  34  4:33  Zergling x2  
  35  4:41  Baneling  
  35  4:42  Zergling x4  
  37  4:47  Zergling x2  
  37  4:50  Baneling  
  39  4:52  Zergling x2  
  36  5:01  Zergling x4  
  36  5:05  Zergling x2  
  38  5:09  Zergling x2  
Show
View Real Time Build Order
Export as new Build Order

MarineLorD Terran 

Build Orders:  

Get SALT Encoding   

  12  0:00  SCV  
  13  0:14  Supply Depot  
  13  0:29  Refinery  
  13  0:37  Barracks  
  13  0:52  Barracks  
  13  1:00  SCV  
  14  1:12  SCV  
  15  1:24  Reaper  
  16  1:28  Orbital Command  
  16  1:42  Reaper  
  17  1:56  Bunker, Reaper  
  17  1:58  SCV  
  19  2:10  SCV  
  19  2:14  Supply Depot  
  20  2:21  Reaper  
  20  2:22  SCV  
  21  2:32  Reaper  
  21  2:34  SCV  
  21  2:36  Supply Depot  
  23  2:46  SCV  
  24  2:55  Reaper  
  24  2:58  SCV  
  25  3:10  SCV  
  25  3:11  Reaper  
  23  3:22  SCV  
  23  3:26  Command Center  
  25  3:34  SCV  
  26  3:47  SCV  
  28  3:55  Command Center  
  25  3:57  Barracks  
  25  3:59  SCV  
  26  4:03  Bunker  
  26  4:11  SCV  
  27  4:23  SCV  
  28  4:27  Barracks x2  
  28  4:35  SCV  
  29  4:39  Orbital Command  
  29  4:45  Barracks Tech Lab  
  29  4:46  Refinery  
  29  4:47  SCV  
  30  4:55  Barracks Tech Lab  
  30  4:56  Barracks Reactor  
  30  4:59  SCV  
  31  5:07  Marine  
  27  5:08  SCV  
  27  5:11  SCV  
Tags
 
Add a new tag
Caveats
  • Supply blocks, unpowered buildings, or Contaminate may cause inaccurate times.
  • Supply counts are checked every 10 seconds.